 Dungeon Crawl Stone Soup version 0.29.1-13-g9f3cf754e1 (webtiles) character file.

Game seed: 1488869610975246661

20808 Priul the Eclecticist (level 12, -6/64 HPs)
             Began as a Deep Elf Conjurer on Feb 2, 2023.
             Was an Elder of Sif Muna.
             Killed by an exploding ball lightning (8 damage)
             ... on level 3 of the Lair of Beasts on Feb 3, 2023.
             The game lasted 02:04:28 (15121 turns).

Priul the Eclecticist (Deep Elf Conjurer)          Turns: 15121, Time: 02:04:29

Health: -6/64      AC: 10    Str:  4    XL:     12   Next: 48%
Magic:  29/52      EV: 14    Int: 26    God:    Sif Muna [****..]
Gold:   642        SH:  0    Dex: 13    Spells: 11/43 levels left

rFire   + + +      SeeInvis .   z - +6 hammer "Kovoeg" {drain, rPois rF+++ MP+9 Int-3}
rCold   . . .      Faith    +   (no shield)
rNeg    . . .      Spirit   .   J - +0 steam dragon scales
rPois   +          Reflect  .   (no helmet)
rElec   .          Harm     .   y - +0 cloak
rCorr   .          Rampage  .   (no gloves)
Will    +....                   (no boots)
Stlth   +++.......              d - amulet of faith
HPRegen 0.20/turn               l - +4 ring of protection
MPRegen 0.33/turn               p - ring of magical power

@: no status effects
A: no striking features
a: Renounce Religion, Channel Magic, Forget Spell, Divine Exegesis


You were on level 3 of the Lair of Beasts.
You worshipped Sif Muna.
Sif Muna was greatly pleased with you.
You visited 3 branches of the dungeon, and saw 13 of its levels.

You collected 642 gold pieces.

Inventory:

Hand Weapons
 x - a +4 quarterstaff of chaos
 z - the +6 hammer "Kovoeg" (weapon) {drain, rPois rF+++ MP+9 Int-3}
   (You found it on level 3 of the Dungeon)

   A truly terrible weapon, it drains the life of any living foe it strikes.
   Int:       It affects your intelligence (-3).
   rF:        It renders you almost immune to fire.
   rPois:     It protects you from poison.
   MP:        It affects your magic capacity (+9).
 U - the +2 flail of Meligrit {distort, Dex+4}
   (You found it on level 7 of the Dungeon)

   It warps and distorts space around it, and may blink, banish, or inflict
   extra damage upon those it strikes.
   Unwielding it can cause banishment or high damage.
   Dex:       It affects your dexterity (+4).
Missiles
 m - 96 stones
 Q - 3 javelins
 V - 6 poisoned darts
 X - 6 boomerangs
 Y - 6 curare-tipped darts (quivered)
Armour
 y - a +0 cloak (worn)
 I - a +0 robe of willpower
 J - +0 steam dragon scales (worn)
Magical Staves
 c - a staff of cold
 S - a staff of death
Jewellery
 d - an amulet of faith (around neck)
 k - a ring of flight
 l - a +4 ring of protection (left hand)
 p - a ring of magical power (right hand)
 r - a +4 ring of protection
 w - a ring of protection from cold
Wands
 b - a wand of polymorph (3)
 o - a wand of quicksilver (5)
 q - a wand of flame (26)
 D - a wand of digging (2)
 E - a wand of paralysis (2)
 Z - a wand of roots (4)
Scrolls
 a - a scroll of silence {unknown}
 g - 3 scrolls of butterflies
 n - 5 scrolls of magic mapping
 s - a scroll of brand weapon {unknown}
 u - a scroll of fear
 v - a scroll of blinking
 B - 2 scrolls of enchant weapon
 C - a scroll of immolation {unknown}
 F - 2 scrolls of vulnerability {unknown}
 G - 4 scrolls of teleportation
 M - a scroll of amnesia
 P - a scroll of noise
 T - a scroll of poison {unknown}
Potions
 e - 4 potions of mutation
 f - a potion of resistance {unknown}
 h - a potion of heal wounds
 i - 4 potions of degeneration
 j - 6 potions of curing
 t - 3 potions of invisibility
 A - a potion of cancellation {unknown}
 H - a potion of attraction {unknown}
 K - a potion of ambrosia {unknown}
 L - a potion of brilliance
 N - a potion of haste {unknown}
 O - a potion of magic
 R - 2 potions of flight
 W - a potion of berserk rage {unknown}


   Skills:
 + Level 2.7 Fighting
 + Level 1.4 Maces & Flails
 + Level 0.4 Throwing
 + Level 6.8 Dodging
 + Level 5.8 Stealth
 + Level 16.1 Spellcasting
 + Level 14.4 Conjurations
 + Level 5.9 Hexes
 + Level 3.7 Translocations
 + Level 1.5 Fire Magic
 + Level 3.5 Air Magic
 + Level 3.1 Evocations


You had 11 spell levels left.
You knew the following spells:

 Your Spells              Type           Power      Damage    Failure   Level
a - Magic Dart            Conj           100%       1d8       0%          1
b - Searing Ray           Conj           100%       2d8       0%          2
c - Static Discharge      Conj/Air       61%        3-11/arc  1%          2
d - Dazzling Flash        Conj/Hex       100%       N/A       1%          3
e - Fulminant Prism       Conj/Hex       32%        3d16      1%          4
f - Iskenderun's Mystic   Conj/Tloc      62%        2d13      1%          4
g - Lightning Bolt        Conj/Air       30%        1d47      1%          5
h - Fireball              Conj/Fire      29%        3d13      2%          5
i - Conjure Ball Lightni  Conj/Air       30%        3x3d10    10%         6

Your spell library contained the following spells:

 Spells                   Type           Power      Damage    Failure   Level
 Apportation              Tloc           80%        N/A       1%          1
 Shock                    Conj/Air       100%       1d9       1%          1
 Mephitic Cloud           Conj/Pois/Air  51%        N/A       1%          3
 Silence                  Hex/Air        22%        N/A       10%         5
 Starburst                Conj/Fire      29%        6d9       14%         6
 Alistair's Intoxication  Tmut/Pois      14%        N/A       56%         5
 Maxwell's Capacitive Co  Air            19%        ∞         100%        8


Dungeon Overview and Level Annotations

Branches:
Dungeon (9/15)             Temple (1/1) D:6            Lair (3/5) D:8
  Swamp: Lair:2-3    Shoals: Lair:2-3     Snake: Lair:2-3    Spider: Lair:2-3
    Orc: D:9-12

Altars:
Ashenzari
Cheibriados
Dithmenos
Fedhas
Gozag
Makhleb
Ru
Sif Muna
Trog
Uskayaw
Wu Jian
Yredelemnul
Zin
The Shining One

Shops:
D:8 (


Message History

You can't see any susceptible monsters within range! (Use Z to cast anyway.) Unknown command.
Casting: Lightning Bolt (dangerous; 1% risk of failure)
Confirm with . or Enter, or press ? or * to list all spells.
Aiming: Searing Ray (safe; 0% risk of failure)
Press: ? - help, Shift-Dir - straight line, f - bullfrog
Aim: a bullfrog (79% to hit)
The searing ray hits the bullfrog!
The bullfrog is moderately wounded. (Press . to maintain the ray.)
The searing ray hits the bullfrog!
The bullfrog is severely wounded.
The bullfrog closely misses you.
The searing ray hits the bullfrog!
You kill the bullfrog!
Sif Muna accepts your kill.
A five-headed hydra comes into view.
A naga comes into view. It is wielding a +0 war axe.
Casting: Searing Ray (safe; 0% risk of failure)
Confirm with . or Enter, or press ? or * to list all spells.
The spell is quite dangerous to miscast (10% risk of failure)!
Continue anyway?
You create some ball lightning! 3 ball lightnings come into view.
Your ball lightning explodes!
The blast of lightning engulfs your ball lightning.
Your ball lightning completely resists.
The blast of lightning engulfs you!
* * * LOW HITPOINT WARNING * * *
The blast of lightning engulfs the five-headed hydra!!
The five-headed hydra is moderately wounded.
Your ball lightning explodes!
The blast of lightning engulfs your ball lightning.
Your ball lightning completely resists.
The blast of lightning engulfs the naga!
The naga is heavily wounded.
The blast of lightning engulfs you!
* * * LOW HITPOINT WARNING * * *
Your ball lightning explodes!
The blast of lightning engulfs you!
You die...

..#.P...#...#
P...#............
...#.PP#..=##
#..##............
...........# #..##†......#
.....<.....### #..#...#.#..#
.............# #..##†..##..#
..##.......#####N....>.##.?#
. #........##...#########..#
...............# #.##
...............@# #..
...#........####.# #...
..##......l## ##.# #...
#.......# #.D# #.###
P.......P ##.# #.# .......
#.# ....... #..# ....#
..†....


You could see a five-headed hydra and a naga.

Vanquished Creatures
  3 hydras
  3 two-headed ogres
  Sonja (Lair:1)
  Pikel (D:6)
  An ugly thing (D:8)
  Joseph (D:7)
  Maurice (D:8)
  2 cane toads (Lair:1)
  3 black mambas
  Maggie (D:6)
  A rime drake (Lair:2)
  2 komodo dragons
  A troll (D:8)
  A polar bear (Lair:2)
  Prince Ribbit (D:5)
  12 blink frogs
  Grinder (D:6)
  2 wyverns
  21 yaks
  A basilisk (Lair:2)
  A steam dragon (D:7)
  Menkaure (D:7)
  5 water moccasins
  3 black bears
  An orc warrior (D:9)
  2 sky beasts
  2 ogres (D:6)
  12 wolves
  3 centaurs
  4 lemures (D:6)
  A kobold brigand (D:8)
  A phantom (D:6)
  10 bullfrogs
  4 scorpions
  21 wights (D:7)
  7 electric eels (D:8)
  2 howler monkeys (D:8)
  2 orc priests (D:8)
  6 hounds
  6 jellies
  Crazy Yiuf (D:3)
  4 iguanas
  Ijyb (D:3)
  7 orc wizards
  Robin (D:3)
  13 adders
  7 gnolls
  2 river rats (D:3)
  3 white imps
  An ufetubus (D:7)
  4 dart slugs
  19 orcs
  8 ball pythons
  10 endoplasms
  8 giant cockroaches
  12 goblins
  8 hobgoblins
  12 kobolds
  2 quokkas
  9 bats
  2 frilled lizards (D:1)
  7 rats
  A fulminant prism (D:6)
296 creatures vanquished.

Vanquished Creatures (others)
  A water moccasin (D:7)
  6 ball lightnings (Lair:3)
  43 fulminant prisms
  13 fungi
  29 plants
92 creatures vanquished.

Grand Total: 388 creatures vanquished

Notes
Turn   | Place    | Note
-------+----------+-------------------------------------------
     0 | D:1      | Priul the Deep Elf Conjurer began the quest for the Orb.
     0 | D:1      | Reached XP level 1. HP: 10/10 MP: 6/6
   341 | D:1      | Reached XP level 2. HP: 15/15 MP: 5/8
   344 | D:1      | Learned a level 2 spell: Searing Ray
   613 | D:1      | Reached skill level 5 in Conjurations
   774 | D:1      | Learned a level 2 spell: Static Discharge
  1014 | D:1      | Reached XP level 3. HP: 19/19 MP: 5/9
  1326 | D:2      | Reached XP level 4. HP: 24/24 MP: 0/11
  1800 | D:2      | Found a faded altar of an unknown god.
  1910 | D:2      | Reached skill level 4 in Spellcasting
  2455 | D:3      | Reached XP level 5. HP: 28/28 MP: 7/13
  2903 | D:3      | Noticed Robin
  2920 | D:3      | Killed Robin
  2986 | D:3      | Noticed Ijyb
  2994 | D:3      | Reached skill level 5 in Spellcasting
  2995 | D:3      | Killed Ijyb
  3120 | D:3      | Identified the ring of Darkness {rF+ Dex+2}
  3258 | D:3      | Learned a level 3 spell: Dazzling Flash
  3351 | D:3      | Found a runed translucent door.
  3352 | D:3      | Noticed Crazy Yiuf
  3372 | D:3      | Killed Crazy Yiuf
  3373 | D:3      | Reached XP level 6. HP: 32/32 MP: 15/15
  3393 | D:3      | Identified the +6 hammer "Kovoeg" {drain, rPois rF+++ MP+9
                  | Int-3}
  4150 | D:4      | Noticed a sky beast
  4161 | D:4      | Killed a sky beast
  4266 | D:4      | Reached skill level 6 in Spellcasting
  4580 | D:4      | Reached XP level 7. HP: 36/36 MP: 18/18
  4729 | D:5      | Entered Level 5 of the Dungeon
  4988 | D:5      | Noticed Prince Ribbit
  4997 | D:5      | Killed Prince Ribbit
  4998 | D:5      | Reached skill level 7 in Spellcasting
  5054 | D:5      | Found a blossoming altar of Fedhas.
  5060 | D:5      | Found a burning altar of Makhleb.
  5063 | D:5      | Found a sacrificial altar of Ru.
  5063 | D:5      | Found a snail-covered altar of Cheibriados.
  5070 | D:5      | Found a broken altar of Ashenzari.
  5294 | D:5      | Reached XP level 8. HP: 41/41 MP: 21/21
  5356 | D:5      | Found a hide-covered altar of Uskayaw.
  5356 | D:5      | Found a shadowy altar of Dithmenos.
  5489 | D:5      | Reached skill level 8 in Spellcasting
  5851 | D:5      | Learned a level 4 spell: Fulminant Prism
  6225 | D:6      | Noticed Pikel
  6226 | D:6      | Noticed Maggie
  6244 | D:6      | Noticed Grinder
  6269 | D:6      | Killed Maggie
  6270 | D:6      | Reached skill level 9 in Spellcasting
  6318 | D:6      | Killed Grinder
  6319 | D:6      | Reached skill level 1 in Fighting
  6319 | D:6      | Reached XP level 9. HP: 18/47 MP: 15/24
  6497 | D:6      | Reached skill level 10 in Conjurations
  6552 | D:6      | Killed Pikel
  6553 | D:6      | Reached skill level 10 in Spellcasting
  6694 | D:6      | Found a staircase to the Ecumenical Temple.
  6700 | Temple   | Entered the Ecumenical Temple
  6711 | Temple   | Became a worshipper of Sif Muna the Loreminder
  6942 | D:6      | Found a bloodstained altar of Trog.
  7058 | D:6      | Learned a level 4 spell: Iskenderun's Mystic Blast
  7064 | D:6      | Learned a level 5 spell: Lightning Bolt
  7330 | D:7      | Reached skill level 11 in Spellcasting
  7424 | D:7      | Noticed Joseph
  7431 | D:7      | Reached * piety under Sif Muna
  7444 | D:7      | Killed Joseph
  7445 | D:7      | Reached XP level 10. HP: 27/53 MP: 8/27
  7453 | D:7      | Reached skill level 1 in Air Magic
  7463 | D:7      | Reached skill level 5 in Stealth
  7691 | D:7      | Noticed Menkaure
  7695 | D:7      | Killed Menkaure
  7895 | D:7      | Found a glowing silver altar of Zin.
  8099 | D:7      | Reached skill level 12 in Spellcasting
  8251 | D:7      | Found a glowing golden altar of the Shining One.
  8274 | D:7      | Identified the +2 flail of Meligrit {distort, Dex+4}
  8982 | D:8      | Reached ** piety under Sif Muna
  9543 | D:8      | Found a staircase to the Lair.
  9817 | D:8      | Found Nerol's Weapon Emporium.
 10071 | D:8      | Noticed Maurice
 10125 | D:8      | Noticed a green ugly thing
 10127 | D:8      | Noticed a five-headed hydra
 10183 | D:8      | Killed Maurice
 10184 | D:8      | Reached skill level 5 in Dodging
 10184 | D:8      | Reached skill level 1 in Evocations
 10344 | D:8      | Killed a five-headed hydra
 10345 | D:8      | Reached skill level 13 in Spellcasting
 10419 | D:8      | Killed a green ugly thing
 10420 | D:8      | Reached skill level 1 in Maces & Flails
 10420 | D:8      | Reached XP level 11. HP: 57/57 MP: 30/30
 10832 | D:9      | Noticed a two-headed ogre
 10841 | D:8      | Killed a two-headed ogre
 11109 | D:9      | Noticed a two-headed ogre
 11124 | D:9      | Killed a two-headed ogre
 11125 | D:9      | Reached skill level 5 in Hexes
 11134 | D:9      | Reached skill level 1 in Translocations
 11150 | D:9      | Noticed a two-headed ogre
 11159 | D:9      | Killed a two-headed ogre
 11400 | Lair:1   | Entered Level 1 of the Lair of Beasts
 11628 | Lair:1   | Got the Octavo of the Squall and the Pyre
 11629 | Lair:1   | Noticed Sonja
 11940 | Lair:1   | HP: 2/58 [poisoned by a cane toad]
 12384 | Lair:1   | Learned a level 5 spell: Fireball
 12696 | Lair:1   | Reached skill level 14 in Spellcasting
 12808 | Lair:1   | You fall into a shaft and drop 1 floor!
 12818 | Lair:2   | Reached *** piety under Sif Muna
 12828 | Lair:2   | Noticed a four-headed hydra
 12829 | Lair:2   | Reached skill level 1 in Fire Magic
 12838 | Lair:2   | Killed a four-headed hydra
 12839 | Lair:2   | Reached XP level 12. HP: 49/64 MP: 6/32
 12842 | Lair:2   | Reached skill level 15 in Spellcasting
 13072 | Lair:1   | Killed Sonja
 14162 | Lair:2   | Reached **** piety under Sif Muna
 14542 | Lair:3   | Noticed a seven-headed hydra
 14984 | Lair:3   | Reached skill level 16 in Spellcasting
 14991 | Lair:3   | Learned a level 6 spell: Conjure Ball Lightning
 15050 | Lair:3   | Killed a seven-headed hydra
 15115 | Lair:3   | Noticed a five-headed hydra
 15121 | Lair:3   | HP: 2/64 [spore (11)]
 15121 | Lair:3   | Killed by an exploding ball lightning

Illustrated notes

Levels and vault maps discovered:
D:1:      matt_arrival_diagonals, layout_loops_corners
D:2:      minmay_general_purpose_star, layout_loops_ring,
          chequers_ecumenical_altar_twisty, serial_bayou_crossing
D:3:      layout_loops_cross, portal_sewer_entry_b,
          nicolae_kite_square_tiling_tiny, uniq_ijyb, uniq_crazy_yiuf_cottage,
          uniq_robin
D:4:      layout_basic, st_stairs_2
D:5:      layout_basic, nicolae_overflow_hallway_of_the_gods,
          amethyst_overflow_temple_binary, uniq_prince_ribbit1
D:6:      layout_cave_pools, nicolae_overflow_crystal_walls,
          minmay_temple_entry_arrows, dk_rats_in_the_wall, uniq_maggie,
          uniq_grinder, uniq_pikel
D:7:      layout_loops_cross, zin_statuary, tso_oasis_becter,
          grunt_ministairs_3, uniq_joseph, uniq_menkaure
D:8:      kennysheep_big_flooded_room, layout_loops_ring, erik_lair_island,
          serial_shops, shop, uniq_maurice
D:9:      layout_long_grid, marbit_many_paths, minivault_23
Temple:   nicolae_temple_bog_church
Lair:1:   layout_layer_cave, uniq_sonja
Lair:2:   layout_misc_corridors
Lair:3:   layout_long_grid, elwin_shoals_entry_stream,
          minmay_snake_entry_guardpost_medium, portal_ice_cave_demonic_guard

Skill      XL: |  1  2  3  4  5  6  7  8  9 10 11 12 |
---------------+-------------------------------------+-----
Conjurations   | 5 6 7 8 9 11 12 13 14 | 14.4
Spellcasting   | 4 5 6 7 9 11 13 14 16 | 16.1
Stealth        | 3 4 5 |  5.8
Dodging        | 3 4 5 6 |  6.8
Hexes          | 2 3 4 5 |  5.9
Fighting       | 1 2 |  2.7
Air Magic      | 2 3 |  3.5
Evocations     | 1 3 |  3.1
Maces & Flails | 1 |  1.4
Translocations | 3 |  3.7
Fire Magic     | 1 |  1.5
Throwing       | |  0.4

Action                   |  1- 3 |  4- 6 |  7- 9 | 10-12 || total
-------------------------+-------+-------+-------+-------++-------
Melee: Staff             |       |     1 |       |       ||     1
       Mace              |       |       |     1 |    14 ||    15
Throw: Throwing net      |       |       |     1 |       ||     1
       Dart              |       |       |       |     1 ||     1
 Cast: Magic Dart        |    55 |   141 |   107 |   124 ||   427
       Searing Ray       |     1 |    10 |    34 |    62 ||   107
       Static Discharge  |       |     2 |     3 |       ||     5
       Fulminant Prism   |       |       |    14 |    30 ||    44
       Dazzling Flash    |       |       |     2 |     1 ||     3
       Lightning Bolt    |       |       |     7 |    27 ||    34
       Iskenderun's Myst |       |       |     1 |    36 ||    37
       Fireball          |       |       |       |    11 ||    11
       Conjure Ball Ligh |       |       |       |     2 ||     2
Evoke: Wand              |       |     1 |     2 |    16 ||    19
  Use: Scroll            |       |     4 |     2 |    10 ||    16
       Potion            |       |       |     2 |     4 ||     6
Armor: Robe              |     3 |     9 |    12 |       ||    24
       Steam dragon scal |       |       |     2 |    39 ||    41
Dodge: Dodged            |     6 |    21 |    24 |    98 ||   149
